 Dungeon Crawl Stone Soup version 0.27-a0-1548-gf8a67e7463 (webtiles) character file.

Game seed: 8568150147718997713

133469 FessEmpty1 the Unseen (level 16, -2/77 HPs)
             Began as a Spriggan Enchanter on July 13, 2021.
             Was the Champion of Dithmenos.
             Killed from afar by a thorn hunter (41 damage)
             ... with a volley of thorns
             ... on level 3 of the Swamp.
             The game lasted 05:48:48 (35129 turns).

FessEmpty1 the Unseen (Spriggan Enchanter)         Turns: 35129, Time: 05:48:49

Health: -2/77      AC:  8    Str:  7    XL:     16   Next: 59%
Magic:  31/31      EV: 53    Int: 33    God:    Dithmenos [******]
Gold:   800        SH: 10    Dex: 27    Spells: 15/36 levels left

rFire    . . .     SeeInvis +   a - +6 dagger "Bazymoeg" {venom, rPois rCorr Dex+3}
rCold    . . .     Faith    .   i - +0 buckler
rNeg     . . .     Spirit   .   Q - +2 robe of Teakigef {Drain Str+3 Int+4 SInv}
rPois    +         Reflect  .   B - +2 hat {Stlth+}
rElec    .         Harm     .   R - +1 cloak {rPois}
rCorr    +         Rampage  .   (gloves unavailable)
Will     ++...     Clarity  +   (boots unavailable) Stlth *******+++
                                E - amulet of the acrobat
HPRegen  0.22/turn              W - ring of Inten {Int+6 Slay+3 SInv}
MPRegen  0.22/turn              D - +6 ring of dexterity {=R}

@: acrobatic, wreathed by umbra, very quick
A: very small, no large weapons, unfitting armour, see invisible, speed 3, horns
1, clarity, clever 1, wild magic 1
a: Renounce Religion, Shadow Step, Shadow Form


You were on level 3 of the Swamp.
You worshipped Dithmenos.
Dithmenos was exalted by your worship.
You visited 5 branches of the dungeon, and saw 28 of its levels.
You also visited: Sewer and Volcano.

You collected 2658 gold pieces.
You spent 1858 gold pieces at shops.

Inventory:

Hand Weapons
 a - the +6 dagger "Bazymoeg" (weapon) {venom, rPois rCorr Dex+3}
   (You bought it in a shop on level 2 of the Orcish Mines)

   It poisons the flesh of those it strikes.
   Dex:       It affects your dexterity (+3).
   rPois:     It protects you from poison.
   rCorr:     It protects you from acid and corrosion.
 b - a +3 vampiric dagger
 t - a +2 dagger of speed
 I - the +7 dagger "Famyo" {freeze, Str+9}
   (You bought it in a shop on level 2 of the Orcish Mines)

   It has been specially enchanted to freeze those struck by it, causing extra
   injury to most foes and up to half again as much damage against particularly
   susceptible opponents.
   It can also slow down cold-blooded creatures.
   Str:       It affects your strength (+9).
 O - a +4 dagger of distortion
Missiles
 e - 129 poisoned darts
 s - 7 curare-tipped darts
 J - 10 atropa-tipped darts
Armour
 i - a +0 buckler (worn)
 o - a +2 robe of positive energy
 B - a +2 hat of stealth (worn)
 Q - the +2 robe of Teakigef (worn) {Drain Str+3 Int+4 SInv}
   (You bought it in a shop on level 9 of the Dungeon)

   Str:       It affects your strength (+3).
   Int:       It affects your intelligence (+4).
   SInv:      It lets you see invisible.
   Drain:     It drains your maximum health when unequipped.
 R - a +1 cloak of poison resistance (worn)
 U - a +2 robe of willpower
Jewellery
 k - an amulet of reflection
 p - a ring of protection from cold
 y - a ring of protection from fire
 C - the ring "Gechameko" {Contam rCorr Str+2 Int+4}
   (You bought it in a shop on level 2 of the Orcish Mines)

   [ring of resist corrosion]

   Str:       It affects your strength (+2).
   Int:       It affects your intelligence (+4).
   Contam:    It causes magical contamination when unequipped.
   rCorr:     It protects you from acid and corrosion.
 D - a +6 ring of dexterity (right hand) {=R}
 E - an amulet of the acrobat (around neck)
 M - a ring of positive energy
 W - the ring of Inten (left hand) {Int+6 Slay+3 SInv}
   (You found it on level 11 of the Dungeon)

   [ring of intelligence]

   Int:       It affects your intelligence (+6).
   Slay:      It affects your accuracy & damage with ranged weapons and melee
   (+3).
   SInv:      It lets you see invisible.
Wands
 z - a wand of paralysis (25)
 F - a wand of acid (21)
 G - a wand of mindburst (21)
 K - a wand of digging (12)
 L - a wand of charming (14)
 N - a wand of flame (9)
 S - a wand of iceblast (20)
Scrolls
 g - 5 scrolls of vulnerability
 h - 18 scrolls of teleportation
 q - 4 scrolls of fear
 u - 2 scrolls of silence
 P - 3 scrolls of fog
 T - 5 scrolls of immolation
 V - a scroll of enchant armour
 X - 2 scrolls of holy word
 Z - a scroll of magic mapping
Potions
 c - 13 potions of heal wounds
 d - 6 potions of attraction
 f - 5 potions of lignification
 j - 4 potions of brilliance
 l - 8 potions of flight
 m - 2 potions of resistance
 r - 3 potions of haste
 v - 10 potions of curing
 w - 5 potions of invisibility
 x - 4 potions of might
 A - 4 potions of ambrosia
 H - 2 potions of berserk rage
 Y - 2 potions of magic
Miscellaneous
 n - a lightning rod (4/4)


   Skills:
 - Level 6.0 Fighting
 + Level 13.8 Short Blades
 + Level 16.8 Dodging
 - Level 20.0 Stealth
 - Level 7.2 Shields
 - Level 10.5 Spellcasting
 - Level 10.6 Hexes
 - Level 7.5 Translocations
 + Level 6.3 Transmutations
 - Level 2.0 Ice Magic
 - Level 4.0 Invocations
 + Level 10.0 Evocations


You had 15 spell levels left.
You knew the following spells:

 Your Spells              Type           Power      Damage    Failure   Level
a - Corona                Hex            94%        N/A       1%          1
b - Confusing Touch       Hex            85%        N/A       1%          3
c - Ensorcelled Hibernat  Hex/Ice        100%       N/A       1%          2
d - Tukima's Dance        Hex            85%        N/A       1%          3
e - Dazzling Flash        Conj/Hex       100%       N/A       1%          3
f - Silence               Hex/Air        31%        N/A       13%         5
g - Passage of Golubria   Tloc           N/A        N/A       2%          4

Your spell library contained the following spells:

 Spells                   Type           Power      Damage    Failure   Level
 Sting                    Tmut/Pois      100%       1d8       1%          1
 Wereblood                Tmut           67%        N/A       1%          2
 Inner Flame              Hex/Fire       62%        N/A       1%          3
 Portal Projectile        Hex/Tloc       100%       N/A       1%          3
 Freeze                   Ice            100%       1d11      2%          1
 Foxfire                  Conj/Fire      88%        2x1d8     4%          1
 Magic Dart               Conj           88%        1d7       4%          1
 Spider Form              Tmut/Pois      24%        N/A       4%          3
 Yara's Violent Unravell  Hex/Tmut       38%        3d15      4%          5
 Leda's Liquefaction      Hex/Erth       31%        N/A       5%          4
 Call Imp                 Summ           22%        N/A       7%          2
 Poisonous Vapours        Pois/Air       44%        N/A       7%          2
 Ice Form                 Ice/Tmut       55%        N/A       8%          4
 Blade Hands              Tmut           33%        N/A       9%          5
 Call Canine Familiar     Summ           22%        N/A       13%         3
 Conjure Flame            Conj/Fire      22%        6-21      13%         3
 Mephitic Cloud           Conj/Pois/Air  22%        N/A       13%         3
 Animate Armour           Summ/Erth      44%        N/A       34%         4
 Olgreb's Toxic Radiance  Pois           22%        N/A       34%         4
 Freezing Cloud           Conj/Ice/Air   14%        6-21      58%         5
 Agony                    Necr           22%        N/A       67%         5
 Bolt of Magma            Conj/Fire/Erth 11%        4d7       67%         5
 Statue Form              Tmut/Erth      32%        N/A       82%         6
 Iron Shot                Conj/Erth      11%        9d3       99%         6
 Shadow Creatures         Summ           N/A        N/A       99%         6
 Starburst                Conj/Fire      11%        8x6d5     99%         6
 Storm Form               Tmut/Air       24%        N/A       100%        7
 Polar Vortex             Ice            19%        N/A       100%        9


Dungeon Overview and Level Annotations

Branches:
Dungeon (15/15)            Temple (0/1) D:6            Lair (6/6) D:10
  Swamp (4/4) Lair:4        Snake (0/4) Lair:4          Orc (2/2) D:9
    Elf (0/3) Orc:2        Vaults (0/5) D:13         Depths (1/5) D:15
  Sewer (visited)         Volcano (visited)
  Slime: Lair:5-6

Altars:
Dithmenos
Gozag
Qazlal
Trog
Beogh

Shops:
D:2 *   D:9 [:*   Orc:2 **[([

Annotations:
D:7 2 runed translucent doors, funkygono's ghost, novice FoFi
D:12 Rupert
D:13 Frances
Lair:5 exclusion: oklob plant
Swamp:1 Roxanne


Innate Abilities, Weirdness & Mutations

You are very small and have problems with some larger weapons.
You are too small for most types of armour.
You have supernaturally acute eyesight. (SInv)
You cover ground extremely quickly. (Speed+++)
You have a pair of small horns on your head.
You possess an exceptional clarity of mind.
Your mind is acute. (Int +2)
Your spells are a little harder to cast, but a little more powerful.


Message History

You hit the will-o-the-wisp but do no damage.
Your headbutt misses the will-o-the-wisp.
The will-o-the-wisp is heavily damaged.
You puncture the will-o-the-wisp! You headbutt the will-o-the-wisp.
The will-o-the-wisp is severely damaged.
Your shadow hits the will-o-the-wisp with a dagger.
The will-o-the-wisp gestures.
The will-o-the-wisp conjures some foxfire! 2 foxfires come into view.
You barely miss the will-o-the-wisp.
The will-o-the-wisp is almost destroyed.
Your shadow closely misses the will-o-the-wisp.
You hit the will-o-the-wisp. You headbutt the will-o-the-wisp.
The will-o-the-wisp is almost destroyed.
The will-o-the-wisp gestures.
The will-o-the-wisp conjures some foxfire! 2 foxfires come into view.
You puncture the will-o-the-wisp!
You destroy the will-o-the-wisp!
Dithmenos accepts your kill.
The +7 dagger "Famyo" {freeze, Str+9} stops glowing.
You feel agile.
The +6 dagger "Bazymoeg" {venom, rPois rCorr Dex+3} begins to drip with poison!
a - the +6 dagger "Bazymoeg" (weapon)
{venom, rPois rCorr Dex+3} You start resting.
HP restored.
You remove your ring of protection from fire.
You feel clever.
W - the ring of Inten (left hand) {Int+6 Slay+3 SInv} You enter the shallow water.
Moving in this stuff is going to be slow.
You see here 21 gold pieces.
Okay, then.
Aiming: Corona (safe; 1% risk of failure)
Press: ? - help, Q - select action, (/) - cycle Shift-Dir - straight line, f - swamp dragon
Aim: a swamp dragon (asleep, umbra, chance to affect: 80%)
Okay, then.
There is a stone staircase leading up here.
Casting: Corona (safe; 1% risk of failure)
Confirm with . or Enter, or press ? or * to list all spells.
You can't see any susceptible monsters within range! (Use Z to cast anyway.) Throw: 129 darts (poison)
Press: ? - help, Shift-Dir - straight line, f - tyrant leech
Aim: a tyrant leech (asleep, umbra, 98% to hit)
You throw a poisoned dart.
The poisoned dart hits the tyrant leech.
You hear a splash.
Casting: Corona (safe; 1% risk of failure)
Confirm with . or Enter, or press ? or * to list all spells.
Aiming: Ensorcelled Hibernation (safe; 1% risk of failure)
Press: ? - help, Shift-Dir - straight line, f/p - tyrant leech
Aim: a tyrant leech (umbra, chance to affect: 55%)
The tyrant leech looks drowsy...
Your shadow mimicks your spell!
The tyrant leech is unaffected.
The helpless tyrant leech fails to defend itself.
You spit the tyrant leech like a pig!!!!!
You kill the tyrant leech!
Dithmenos accepts your kill.
There is a stone staircase leading up here.
Throw: 128 darts (poison)
Press: ? - help, Shift-Dir - straight line, f - swamp dragon
Aim: a swamp dragon (asleep, umbra, 98% to hit)
You throw a poisoned dart.
The poisoned dart hits the swamp dragon.
The swamp dragon is poisoned.
The swamp dragon roars deafeningly!
You hear a splash.
The swamp dragon breathes poison at you.
The blast of poison engulfs you but does no damage.
You resist.
Hit: a) +6 dagger "Bazymoeg" {venom, rPois rCorr Dex+3}
Press: ? - help, Dir - move target, p - swamp dragon
Okay, then.
A tyrant leech comes into view.
You see here 21 gold pieces.
There is a stone staircase leading up here.
Casting: Ensorcelled Hibernation (safe; 1% risk of failure)
Confirm with . or Enter, or press ? or * to list all spells.
Aiming: Ensorcelled Hibernation (safe; 1% risk of failure)
Press: ? - help, Shift-Dir - straight line, f/p - swamp dragon
Aim: a swamp dragon (poison gas, lightly wounded, poisoned, catching its breath, umbra, chance to affect: 55%)
The swamp dragon resists with some effort.
The swamp dragon completely misses you. x3
Casting: Ensorcelled Hibernation (safe; 1% risk of failure)
Confirm with . or Enter, or press ? or * to list all spells.
Aiming: Ensorcelled Hibernation (safe; 1% risk of failure)
Press: ? - help, Shift-Dir - straight line, f/p - swamp dragon
Aim: a swamp dragon (poison gas, lightly wounded, poisoned, catching its breath, umbra, chance to affect: 55%)
Okay, then.
Casting: Ensorcelled Hibernation (safe; 1% risk of failure)
Confirm with . or Enter, or press ? or * to list all spells.
Your hands begin to glow red.
The swamp dragon barely misses you. You block the swamp dragon's attack.
The swamp dragon closely misses you.
You hit the swamp dragon but do no damage.
The swamp dragon is lightly wounded.
Your shadow hits the swamp dragon with a dagger.
You hit the swamp dragon but do no damage.
The swamp dragon appears confused.
You headbutt the swamp dragon.
The swamp dragon is lightly wounded.
Your shadow hits the swamp dragon but does no damage.
The swamp dragon completely misses you. You block the swamp dragon's attack.
The swamp dragon completely misses you.
You catch the helpless swamp dragon completely off-guard!
You skewer the swamp dragon like a kebab!!!
You kill the swamp dragon!
Dithmenos accepts your kill.
The swamp dragon scales are intact enough to wear.
Casting: Confusing Touch (safe; 1% risk of failure)
Confirm with . or Enter, or press ? or * to list all spells.
Aiming: Ensorcelled Hibernation (safe; 1% risk of failure)
Press: ? - help, Shift-Dir - straight line, f - tyrant leech
Aim: a tyrant leech (umbra, chance to affect: 55%)
The tyrant leech looks drowsy...
The helpless tyrant leech fails to defend itself.
You skewer the tyrant leech like a kebab!!!!!
You kill the tyrant leech!
Dithmenos accepts your kill.
Your Evocations skill increases to level 10!
You now have 800 gold pieces (gained 21).
There is a stone staircase leading up here.
Things that are here:
+0 swamp dragon scales; a swamp dragon corpse You enter the shallow water.
Moving in this stuff is going to be slow.
You see here a tyrant leech corpse.
e - 128 poisoned darts (gained 1)
e - 129 poisoned darts (gained 1)
You enter the shallow water.
Moving in this stuff is going to be slow.
Found a stone staircase leading down.
You enter the shallow water.
Moving in this stuff is going to be slow.
There is a stone staircase leading down here.
You climb downwards.
There is a stone staircase leading up here.
An alligator comes into view.
There is a stone staircase leading up here.
The alligator puts on a burst of speed!
You climb upwards.
There is a stone staircase leading down here.
You enter the shallow water.
Moving in this stuff is going to be slow.
You enter the shallow water.
Moving in this stuff is going to be slow.
You enter the shallow water.
Moving in this stuff is going to be slow.
There is a stone staircase leading down here.
Press: ? - help, v - describe, . - travel A stone staircase leading down.
This square is wreathed by an umbra.
You climb downwards.
The thorn hunter fires a volley of thorns at you.
The volley of thorns misses you.
The thorn hunter completely misses you. x2
There is a stone staircase leading up here.
The thorn hunter fires a volley of thorns at you.
The volley of thorns hits you!!!
You emit a cloud of dark smoke.
You climb upwards.
There is a stone staircase leading down here.
Aiming: Corona (safe; 1% risk of failure)
Press: ? - help, Q - select action, (/) - cycle Shift-Dir - straight line, f - thorn hunter
Aim: a thorn hunter (umbra, chance to affect: 31%)
Okay, then.
Aiming: Corona (safe; 1% risk of failure)
Press: ? - help, Q - select action, (/) - cycle Shift-Dir - straight line, f - thorn hunter
Aim: a thorn hunter (umbra, chance to affect: 31%)
Okay, then.
Unknown command.
Aiming: Corona (safe; 1% risk of failure)
Press: ? - help, Q - select action, (/) - cycle Shift-Dir - straight line, f - thorn hunter
Aim: a thorn hunter (umbra, chance to affect: 31%)
Okay, then.
Aiming: Corona (safe; 1% risk of failure)
Press: ? - help, Q - select action, (/) - cycle Shift-Dir - straight line, f - thorn hunter
Aim: a thorn hunter (umbra, chance to affect: 31%)
Okay, then.
Unknown command.
Aiming: Corona (safe; 1% risk of failure)
Press: ? - help, Q - select action, (/) - cycle Shift-Dir - straight line, f - thorn hunter
Aim: a thorn hunter (umbra, chance to affect: 31%)
Okay, then.
Okay, then.
Unknown command.
Aiming: Corona (safe; 1% risk of failure)
Press: ? - help, Q - select action, (/) - cycle Shift-Dir - straight line, f - thorn hunter
Aim: a thorn hunter (umbra, chance to affect: 31%)
Okay, then.
Aiming: Corona (safe; 1% risk of failure)
Press: ? - help, Q - select action, (/) - cycle Shift-Dir - straight line, f - thorn hunter
Aim: a thorn hunter (umbra, chance to affect: 31%)
Okay, then.
Unknown command.
Aiming: Corona (safe; 1% risk of failure)
Press: ? - help, Q - select action, (/) - cycle Shift-Dir - straight line, f - thorn hunter
Aim: a thorn hunter (umbra, chance to affect: 31%)
Okay, then.
The thorn hunter fires a volley of thorns at you.
The volley of thorns hits you!!!
Ouch! That really hurt!
You die...

..≈≈≈§≈≈†≈≈≈≈≈≈≈≈.♣♣
♣.≈≈≈≈≈≈≈≈≈≈≈§≈≈≈≈≈...♣♣
≈≈≈≈≈≈≈≈≈§≈≈≈≈≈≈≈......♣
§≈≈≈≈≈≈≈≈≈≈≈≈≈≈≈≈≈...≈≈≈
≈≈≈≈≈≈≈≈≈≈≈≈....≈≈...≈≈≈
.≈≈≈≈≈≈≈≈≈≈.........≈...
..[≈≈≈≈≈..§♣..♣.≈≈≈.♣♣♣.
..≈.......≈♣♣♣♣≈≈≈≈.♣ ♣♣
.♣♣♣@.≈≈♣÷.≈≈§≈≈≈♣
♣.>.≈≈...≈≈..♣♣
♣♣≈≈f≈♣♣...≈.♣♣
♣....♣≈.≈≈.≈♣♣
♣♣≈≈♣≈≈≈≈<.♣♣
♣≈.♣♣♣♣≈..♣♣ ♣♣♣♣ ♣♣≈≈♣
♣♣♣♣


You could see a thorn hunter.

Vanquished Creatures
  A tentacled monstrosity (Swamp:1)
  Jorgrun (Swamp:1)
  2 thorn hunters
  An orc warlord (Orc:2)
  2 stone giants
  Nessos (D:13)
  2 green draconians (Swamp:1)
  2 bunyips
  The ghost of p0werm0de the Timeless, a journeyman DsFi of Cheibriados (D:10)
  A fire dragon (Lair:6)
  A shambling mangrove (Swamp:2)
  An eleionoma (Swamp:4)
  13 hydras
  Erolcha (D:9)
  2 centaur warriors
  2 ghost crabs
  9 boulder beetles
  4 alligators (Swamp:2)
  3 two-headed ogres
  2 tengu warriors
  6 death yaks (Lair:6)
  An orc high priest (Orc:1)
  Urug (D:11)
  Sonja (D:13)
  A hell knight (Volcano)
  Nergalle (D:11)
  A fire crab (Lair:6)
  A salamander mystic (Volcano)
  3 spriggan druids
  5 goliath frogs
  The ghost of heinrich the Geomancer, a novice DgEE (D:8)
  A sea snake (shapeshifter) (D:13)
  A bog body (Swamp:1)
  6 swamp dragons
  5 orc knights
  A necromancer (D:15)
  2 wizards (D:15)
  5 deep elf pyromancers
  A wolf spider zombie (D:15)
  3 orc sorcerers
  5 ugly things
  8 cyclopes
  7 manticores
  5 salamanders (Volcano)
  4 centaur zombies
  6 elephants
  3 will-o-the-wisps
  3 molten gargoyles (Lair:6)
  10 black mambas
  Joseph (D:8)
  Psyche (D:8)
  A gargoyle (D:11)
  7 cane toads
  A torpor snail (Lair:6)
  2 centaur skeletons (D:15)
  An unseen horror (D:13)
  A rime drake (Lair:2)
  A kobold demonologist (D:12)
  10 komodo dragons
  A tengu conjurer (D:13)
  12 trolls
  Grinder (D:4)
  3 polar bears
  5 hornets
  6 tyrant leeches
  18 blink frogs
  16 slime creatures
  5 shadows
  2 redbacks (D:15)
  Eustachio (D:6)
  2 wraiths
  7 spriggans
  13 wyverns
  46 yaks
  Grum (D:11)
  9 humans (D:13)
  10 basilisks
  2 steam dragons
  9 vampire mosquitoes
  14 swamp worms
  3 wargs
  An acid dragon (D:9)
  3 nagas (Lair:4)
  13 water moccasins
  4 hell hounds (Lair:6)
  2 sky beasts
  30 orc warriors
  2 swamp drakes (Swamp:1)
  3 black bears
  6 ogres
  9 centaurs
  A necrophage (D:8)
  24 wolves
  A phantom (D:7)
  6 kobold brigands
  10 bullfrogs
  2 gnoll sergeants
  A wyvern skeleton (D:6)
  9 killer bees
  A wight (D:9)
  3 electric eels (Lair:2)
  4 howler monkeys
  A lava snake (Lair:6)
  3 hounds (D:5)
  3 jellies
  18 orc priests
  Crazy Yiuf (D:4)
  2 bullfrog skeletons
  2 iguanas
  20 orc wizards
  A killer bee zombie (D:8)
  A hound skeleton (D:4)
  Robin (D:3)
  A gnoll (D:9)
  A howler monkey skeleton (D:6)
  11 adders
  2 river rats
  2 white imps (D:5)
  2 worms (Sewer)
  2 dart slugs
  92 orcs
  12 ball pythons
  13 endoplasms
  3 giant cockroaches
  11 goblins
  8 hobgoblins
  15 jackals
  12 kobolds
  4 quokkas
  4 bats
  A frilled lizard (D:2)
  10 rats
756 creatures vanquished.

Vanquished Creatures (collateral kills)
  A vault guard (D:13)
  2 two-headed ogres
  An orc high priest (Orc:2)
  A deep elf knight (D:15)
  A deep elf pyromancer (D:15)
  A deep elf zephyrmancer (D:15)
  2 orc sorcerers (Orc:2)
  Sigmund (D:3)
  A human (D:13)
  11 orc warriors
  5 ogres
  2 kobold brigands
  4 gnoll sergeants (D:9)
  A killer bee (D:8)
  2 wights (D:9)
  3 orc priests
  3 orc wizards
  A gnoll (D:9)
  12 orcs
  A goblin (D:3)
56 creatures vanquished.

Vanquished Creatures (others)
  11 dancing weapons
  A human (D:13)
  An orc (D:6)
  23 foxfires
  24 fungi
  45 plants
105 creatures vanquished.

Grand Total: 917 creatures vanquished

Notes
Turn   | Place    | Note
-------+----------+-------------------------------------------
     0 | D:1      | FessEmpty1 the Spriggan Enchanter began the quest for the
                  | Orb.
     0 | D:1      | Reached XP level 1. HP: 9/9 MP: 5/5
   145 | D:1      | Noticed a golden eye
   147 | D:1      | Found a faded altar of an unknown god.
   151 | D:1      | Noticed a golden eye
   157 | D:1      | Noticed a floating eye
   286 | D:1      | Reached XP level 2. HP: 13/13 MP: 6/6
  1011 | D:1      | Noticed an eye of devastation
  1268 | D:1      | Reached XP level 3. HP: 8/16 MP: 2/8
  2092 | D:2      | Found a shadowy altar of Dithmenos.
  2191 | D:2      | Became a worshipper of Dithmenos the Shadowed
  2246 | D:2      | Learned a level 3 spell: Confusing Touch
  2249 | D:2      | Learned a level 2 spell: Ensorcelled Hibernation
  2657 | D:2      | Found Loann's Assorted Antiques.
  2797 | D:2      | Found a runed translucent door.
  2798 | D:2      | Noticed Crazy Yiuf
  2846 | D:2      | Reached XP level 4. HP: 15/21 MP: 6/9
  3356 | D:2      | Reached skill level 1 in Ice Magic
  3762 | D:3      | Noticed Sigmund
  3836 | D:4      | Noticed Grinder
  3863 | D:3      | Noticed Robin
  3923 | D:3      | Reached skill level 1 in Shields
  4060 | D:3      | HP: 1/21 [jackal (3)]
  4661 | D:4      | Reached * piety under Dithmenos
  4673 | D:4      | Found a glowing drain.
  4687 | Sewer    | Entered a sewer
  4826 | Sewer    | Reached skill level 5 in Dodging
  4826 | Sewer    | Reached XP level 5. HP: 17/24 MP: 1/10
  6140 | Sewer    | Learned a level 3 spell: Tukima's Dance
  6455 | Sewer    | Reached XP level 6. HP: 24/28 MP: 6/11
  6733 | D:4      | Reached ** piety under Dithmenos
  7281 | D:3      | Killed Robin
  7391 | D:3      | Killed Sigmund
  7392 | D:3      | Reached XP level 7. HP: 32/32 MP: 2/12
  7977 | D:5      | Entered Level 5 of the Dungeon
  8295 | D:5      | Noticed a hornet
  9068 | D:6      | Reached XP level 8. HP: 36/36 MP: 3/13
  9394 | D:4      | Killed Crazy Yiuf
  9430 | D:4      | Killed Grinder
  9695 | D:6      | Found a staircase to the Ecumenical Temple.
  9749 | D:6      | Reached skill level 1 in Evocations
  9907 | D:7      | Reached skill level 5 in Short Blades
  9907 | D:7      | Reached skill level 5 in Stealth
  9907 | D:7      | Reached skill level 1 in Invocations
  9997 | D:7      | Reached *** piety under Dithmenos
 10379 | D:7      | Learned a level 3 spell: Dazzling Flash
 10723 | D:7      | Reached skill level 6 in Stealth
 10723 | D:7      | Reached XP level 9. HP: 39/39 MP: 6/14
 10835 | D:7      | Found a large runed translucent door.
 10835 | D:7      | Found a large runed translucent door.
 10839 | D:7      | Noticed funkygono's ghost (novice FoFi)
 11092 | D:8      | Reached skill level 7 in Stealth
 11457 | D:8      | Found a large runed translucent door.
 11457 | D:8      | Found a large runed translucent door.
 11459 | D:8      | Noticed heinrich's ghost (novice DgEE)
 11785 | D:8      | Noticed a boulder beetle
 11824 | D:8      | Noticed Joseph
 11900 | D:10     | Entered Level 10 of the Dungeon
 11910 | D:10     | Reached skill level 8 in Stealth
 11932 | D:11     | Noticed a cyclops
 11948 | D:10     | Reached skill level 5 in Shields
 11948 | D:10     | Reached skill level 5 in Hexes
 12056 | D:10     | Found a staircase to the Lair.
 12068 | D:10     | Identified the +2 robe of Voxutad {Harm Rampage rN+ Str-2}
 12194 | D:11     | Noticed a troll
 12816 | D:8      | Noticed Psyche
 12903 | D:9      | Noticed a manticore
 12906 | D:9      | Killed a manticore
 12907 | D:9      | Reached skill level 9 in Stealth
 12909 | D:9      | Found Kopsaqis's Book Shop.
 12916 | D:9      | Reached skill level 10 in Dodging
 13947 | D:9      | Reached skill level 5 in Spellcasting
 13947 | D:9      | Reached XP level 10. HP: 44/44 MP: 15/18
 13970 | D:9      | Found Sacat's Antique Armour Boutique.
 13973 | D:9      | Bought a shadowed robe for 153 gold pieces
 13973 | D:9      | Identified the +2 robe of Teakigef {Drain Str+3 Int+4 SInv}
                  | (You bought it in a shop on level 9 of the Dungeon)
 13973 | D:9      | Bought a glowing cloak for 202 gold pieces
 14685 | D:9      | Noticed Erolcha
 14786 | D:9      | Found Xoluan's Assorted Antiques.
 14794 | D:9      | Bought a scroll labelled BATECV REOXTO for 25 gold pieces
 14840 | D:9      | Found a staircase to the Orcish Mines.
 14866 | D:9      | Reached skill level 10 in Stealth
 15047 | D:9      | Reached skill level 1 in Fighting
 15360 | Orc:1    | Entered Level 1 of the Orcish Mines
 15455 | Orc:1    | Reached skill level 11 in Stealth
 15562 | Orc:1    | Noticed an orc knight
 15601 | Orc:1    | Killed an orc knight
 15601 | Orc:1    | Reached **** piety under Dithmenos
 16143 | Orc:1    | Noticed an orc high priest
 16387 | Orc:1    | Noticed a rust devil
 16427 | Orc:1    | Killed an orc high priest
 16428 | Orc:1    | Reached skill level 12 in Stealth
 16428 | Orc:1    | Reached XP level 11. HP: 50/50 MP: 15/20
 16609 | Orc:2    | Entered Level 2 of the Orcish Mines
 16650 | Orc:2    | Found a staircase to the Elven Halls.
 16650 | Orc:2    | Noticed an orc knight
 16717 | Orc:2    | Noticed an orc knight
 17404 | D:8      | Killed Joseph
 17639 | D:6      | Found an opulent altar of Gozag.
 17649 | D:6      | Noticed Eustachio
 17655 | D:6      | Killed Eustachio
 17769 | D:6      | Reached ***** piety under Dithmenos
 18673 | D:10     | Learned a level 5 spell: Silence
 18712 | D:10     | Found a runed translucent gate.
 18712 | D:10     | Found a runed translucent gate.
 18712 | D:10     | Found a runed translucent gate.
 18713 | D:10     | Noticed p0werm0de's ghost (journeyman DsFi)
 18940 | D:11     | Noticed Grum
 18965 | D:11     | Killed Grum
 19043 | D:11     | Reached skill level 13 in Stealth
 19128 | D:11     | Noticed a two-headed ogre
 19178 | D:11     | Noticed a boulder beetle
 19318 | D:11     | Noticed a boulder beetle
 19503 | D:11     | Noticed Urug
 19506 | D:11     | Killed Urug
 19551 | D:11     | Noticed Nergalle
 19567 | D:11     | Killed a two-headed ogre
 19568 | D:11     | Reached skill level 14 in Stealth
 19568 | D:11     | Reached XP level 12. HP: 54/54 MP: 15/23
 19589 | D:11     | Killed Nergalle
 19609 | D:12     | Noticed a seven-headed hydra
 19692 | D:12     | You fall into a shaft and drop 3 floors!
 19692 | D:15     | Entered Level 15 of the Dungeon
 19728 | D:14     | Noticed a centaur warrior
 19730 | D:14     | Killed a centaur warrior
 19756 | D:14     | Noticed a boulder beetle
 19762 | D:14     | Killed a boulder beetle
 19822 | D:13     | Noticed Nessos
 19830 | D:13     | Killed Nessos
 19831 | D:13     | Reached skill level 15 in Stealth
 20006 | D:13     | Noticed Frances
 20028 | D:13     | Noticed a two-headed ogre
 20038 | D:13     | Killed a two-headed ogre
 20541 | D:12     | Noticed Rupert
 20553 | D:12     | Noticed a boulder beetle
 20618 | D:11     | Noticed a stone giant
 20677 | D:11     | Noticed a two-headed ogre
 20745 | D:11     | Killed a boulder beetle
 20819 | D:11     | Killed a two-headed ogre
 20863 | D:11     | Killed a boulder beetle
 20948 | D:11     | Noticed a two-headed ogre
 20955 | D:11     | Killed a two-headed ogre
 20956 | D:11     | Reached skill level 16 in Stealth
 21097 | D:11     | Reached skill level 10 in Short Blades
 21134 | D:11     | Identified the ring of Inten {Int+6 Slay+3 SInv}
 21275 | D:12     | Killed a boulder beetle
 21276 | D:12     | Reached XP level 13. HP: 54/58 MP: 19/24
 21432 | D:13     | Identified the +7 trident "Pyhuk" {drain, SInv}
 21558 | D:13     | Reached skill level 10 in Hexes
 21620 | D:13     | Found a gate to the Vaults.
 21846 | D:13     | Noticed Sonja
 21853 | D:13     | Killed Sonja
 21934 | D:13     | Reached skill level 17 in Stealth
 22417 | D:14     | Identified the +11 dagger "Xed Tab" {pain, *Rage rPois
                  | Int+6 SInv}
 22537 | D:14     | Found a stormy altar of Qazlal.
 22851 | D:10     | Killed p0werm0de's ghost
 22924 | D:10     | Gained mutation: You are frail. (-10% HP) [potion of
                  | mutation]
 22924 | D:10     | Gained mutation: You are agile. (Dex +2) [potion of
                  | mutation]
 22924 | D:10     | Gained mutation: Your mind is acute. (Int +2) [potion of
                  | mutation]
 22924 | D:10     | Gained mutation: You have a pair of small horns on your
                  | head. [potion of mutation]
 22925 | D:10     | Lost mutation: You are agile. (Dex +2) [potion of mutation]
 22925 | D:10     | Lost mutation: You are frail. (-10% HP) [potion of
                  | mutation]
 22925 | D:10     | Gained mutation: Your spells are a little harder to cast,
                  | but a little more powerful. [potion of mutation]
 22925 | D:10     | Gained mutation: You possess an exceptional clarity of
                  | mind. [potion of mutation]
 23030 | D:10     | Identified a scroll of acquirement
 23030 | D:10     | Acquired a ring of protection from fire
 23232 | Lair:1   | Entered Level 1 of the Lair of Beasts
 23364 | Lair:1   | Reached ****** piety under Dithmenos
 23678 | Lair:1   | Reached skill level 18 in Stealth
 24134 | Lair:2   | Reached XP level 14. HP: 60/63 MP: 22/27
 24263 | Lair:3   | Found a dark tunnel.
 24272 | Volcano  | Entered a volcano
 25653 | Lair:4   | Learned a level 4 spell: Passage of Golubria
 25679 | Lair:5   | Reached skill level 1 in Translocations
 26258 | Lair:6   | Entered Level 6 of the Lair of Beasts
 26480 | Lair:5   | Reached skill level 5 in Translocations
 27059 | Lair:6   | Reached skill level 19 in Stealth
 27148 | Lair:6   | Reached XP level 15. HP: 71/71 MP: 29/29
 27151 | Lair:6   | Reached skill level 5 in Fighting
 27151 | Lair:6   | Reached skill level 15 in Dodging
 27550 | Lair:6   | Identified the +7 arbalest of Purpose {flame, Str+6}
 27624 | Lair:6   | Found a large runed translucent door.
 27959 | Lair:6   | Found a large runed translucent door.
 28126 | Lair:4   | Found a staircase to the Snake Pit.
 28201 | Lair:4   | Identified the +8 hand axe of Ru's Delight {antimagic,
                  | *Slow Int+2 Stlth+}
 28381 | Lair:4   | Found a staircase to the Swamp.
 28635 | D:8      | Killed Psyche
 28915 | D:9      | Killed Erolcha
 29038 | D:8      | Killed heinrich's ghost
 29039 | D:8      | Reached skill level 10 in Spellcasting
 29448 | Orc:2    | Found Pumuiqip's General Store.
 29481 | Orc:2    | Found a bloodstained altar of Trog.
 29539 | Orc:2    | Found Immostri's General Store.
 29543 | Orc:2    | Found Uteups's Specific Store.
 29597 | Orc:2    | Reached skill level 5 in Evocations
 29875 | Orc:2    | Found Rotwutaqa's Armour Emporium.
 30544 | Orc:2    | Found Itoumeb's Antique Armour Shoppe.
 30557 | Orc:2    | Found Kinuomod's Antique Weapon Emporium.
 30857 | Orc:2    | Noticed an orc warlord
 30883 | Orc:2    | Killed an orc warlord
 31141 | Orc:2    | Bought a jewelled dagger for 217 gold pieces
 31141 | Orc:2    | Identified the +6 dagger "Bazymoeg" {venom, rPois rCorr
                  | Dex+3} (You bought it in a shop on level 2 of the Orcish
                  | Mines)
 31141 | Orc:2    | Bought a jewelled dagger for 217 gold pieces
 31141 | Orc:2    | Identified the +7 dagger "Famyo" {freeze, Str+9} (You
                  | bought it in a shop on level 2 of the Orcish Mines)
 31141 | Orc:2    | Bought a masterwork hunting sling for 201 gold pieces
 31141 | Orc:2    | Identified the +6 hunting sling of Geabapuf {vorpal, Drain
                  | rPois rF++ Str+4} (You bought it in a shop on level 2 of
                  | the Orcish Mines)
 31254 | Orc:2    | Bought a potion of ambrosia for 112 gold pieces
 31254 | Orc:2    | Bought a potion of heal wounds for 70 gold pieces
 31256 | Orc:2    | Bought the ring "Gechameko" {Contam rCorr Str+2 Int+4} for
                  | 476 gold pieces
 31290 | Orc:2    | Bought a scroll of enchant armour for 127 gold pieces
 31324 | Orc:2    | Bought a scroll of identify for 28 gold pieces
 31329 | Orc:2    | Bought a scroll of identify for 30 gold pieces
 32568 | D:15     | Found a staircase to the Depths.
 32586 | Depths:1 | Entered Level 1 of the Depths
 32893 | Swamp:1  | Entered Level 1 of the Swamp
 33001 | Swamp:1  | Noticed a thorn hunter
 33022 | Swamp:1  | Reached skill level 20 in Stealth
 33044 | Swamp:2  | Got the Papyrus of Changing and Fire
 33066 | Swamp:2  | Noticed a thorn hunter
 33070 | Swamp:2  | Killed a thorn hunter
 33071 | Swamp:2  | Reached skill level 1 in Transmutations
 33121 | Swamp:2  | Reached XP level 16. HP: 77/77 MP: 31/31
 33409 | Swamp:3  | Got the Catalogue of Snow
 33746 | Swamp:4  | Entered Level 4 of the Swamp
 33746 | Swamp:4  | Noticed a thorn hunter
 33842 | Swamp:1  | Noticed Jorgrun
 33853 | Swamp:1  | Killed a thorn hunter
 33983 | Swamp:1  | Noticed a tentacled monstrosity
 33998 | Swamp:1  | Killed a tentacled monstrosity
 34066 | Swamp:1  | Reached skill level 5 in Transmutations
 34524 | Swamp:1  | Killed Jorgrun
 34556 | Swamp:1  | Identified Roxanne's Grimoire of Changing
 34556 | Swamp:1  | Noticed Roxanne
 34752 | Swamp:1  | Identified the +3 ring mail of Komatz {Harm rElec}
 35080 | Swamp:3  | Reached skill level 10 in Evocations
 35129 | Swamp:3  | Killed from afar by a thorn hunter

Illustrated notes

Levels and vault maps discovered:
D:1:      scummos_arrival_hexagon, layout_loops_cross,
          hellmonk_ecumenical_altar_watching_god
D:2:      layout_basic, serial_shops, nicolae_shop_stone,
          kennysheep_flooded_box, st_stairs_2, roderic_serpentine_path,
          kennysheep_generic_room_11, uniq_crazy_yiuf_cottage
D:3:      layout_basic, bh_walls_and_bars, uniq_sigmund, uniq_robin
D:4:      layout_loops_corners, portal_sewer_entry_e, minmay_misc_feat_encased,
          corexii_mini_fake_secret_closet, uniq_grinder
D:5:      layout_basic
D:6:      layout_basic, mainiacjoe_overflow_concentric_impassable,
          minmay_temple_entry_glassed_door, uniq_eustachio
D:7:      layout_loops_cross, ebering_ghost_disaster_area,
          kennysheep_generic_room_10
D:8:      layout_cave_pods, ebering_ghost_disaster_area, minmay_bent,
          uniq_joseph, uniq_psyche
D:9:      layout_stronghold, kennysheep_orc_monster_closet_entryway,
          serial_shops, kennysheep_mini_moat, nicolae_shop_behind_doors, shop,
          uniq_erolcha
D:10:     layout_roguey, minmay_lair_entry_grove, biasface_ghost_orc_armoury
D:11:     minmay_the_grid_4x2 [minmay_the_grid_eight,
          minmay_the_grid_small_cups, minmay_the_grid_gridbox,
          minmay_the_grid_mess, minmay_the_grid_spikes,
          minmay_the_grid_plusring, minmay_the_grid_outer_diamond,
          minmay_the_grid_prize_inner_circle], layout_loops_ring,
          kennysheep_generic_room_9, uniq_urug, uniq_nergalle, uniq_grum
D:12:     layout_long_grid, serial_glass, glass_columns_b, glass_columns_a,
          serial_bayou_pond_d, amcnicky_mini_pool_small, uniq_rupert
D:13:     layout_irregular_city, ximxim_vaults_locker_room,
          minmay_fractal_squares_5, uniq_nessos, uniq_sonja, uniq_frances
D:14:     layout_small_grid, nicolae_qazlal_general_emergency
D:15:     grunt_enter_depths_magical_seal, layout_small_grid,
          minmay_misc_feat_iff, serial_park_tiny_1, minmay_rotating_lava
Lair:1:   layout_regular_city, grunt_megastairs_5, infiniplex_staircase_pool,
          serial_bayou_shore_b
Lair:2:   statuecave_lemuel, layout_regular_city, grunt_forest_stairs_clearing,
          serial_bayou_shore_a
Lair:3:   layout_regular_city, nicolae_volcano_entry_lava_flow
Lair:4:   layout_cave_pods, palyth_hydra_swamp_entry,
          minmay_snake_entry_guardpost_small
Lair:5:   layout_concentric_octagons, minmay_slime_entry_oklob_enclosed
Lair:6:   cheibrodos_lair_end_hotspot, layout_long_grid, wad_woods_01
Swamp:1:  cheibrodos_swamp_monstrosity, layout_basic_swamp,
          evilmike_swamp_ruin_house_3, hangedman_swamp_dais, uniq_roxanne,
          uniq_jorgrun
Swamp:2:  layout_basic_swamp, nicolae_swamp_bean_lake
Swamp:3:  layout_basic_swamp, evilmike_swamp_ruin_house_2, swamp_pool5
Swamp:4:  swamp_old_school, layout_basic_swamp
Orc:1:    layout_diamond_mine
Orc:2:    grunt_orc_community_town_hall, layout_diamond_mine,
          grunt_orc_community_big_house_2, grunt_orc_community_big_house_1,
          grunt_orc_community_house_3, grunt_orc_community_house_3,
          grunt_orc_community_house_1, grunt_orc_community_house_1,
          grunt_orc_community_house_1, basic_altar, nicolae_specific_store
Depths:1: layout_cave_pools, enter_ziggurat_c, abyss_entry_small_statue_room,
          hellmouth_1, dk_noncrumbling_4, fedhas_altar_1, grunt_megastairs_2

Skill      XL: |  1  2  3  4  5  6  7  8  9 10 11 12 13 14 15 16 |
---------------+-------------------------------------------------+-----
Dodging        | 3 4 5 6 8 9 10 11 12 13 14 16 | 16.8
Hexes          | 4 5 7 8 9 10 | 10.6
Ice Magic      | 1 2 |  2.0
Shields        | 1 2 3 4 5 6 7 |  7.2
Short Blades   | 3 5 6 7 8 10 11 12 13 | 13.8
Evocations     | 2 7 10 | 10.0
Stealth        | 6 9 12 14 16 18 19 20 | 20.0
Invocations    | 1 4 |  4.0
Spellcasting   | 3 5 7 8 9 10 | 10.5
Fighting       | 2 4 6 |  6.0
Translocations | 7 |  7.5
Transmutations | 1 6 |  6.3

Action                   |  1- 3 |  4- 6 |  7- 9 | 10-12 | 13-15 | 16-18 || total
-------------------------+-------+-------+-------+-------+-------+-------++-------
Melee: Dagger            |   193 |   279 |   289 |   623 |   863 |   106 ||  2353
       Headbutt          |       |       |       |       |   133 |    16 ||   149
Throw: Dart              |     6 |    22 |       |     6 |     3 |     2 ||    39
       Throwing net      |       |       |       |       |     1 |       ||     1
 Cast: Corona            |    30 |    16 |    14 |       |     6 |     1 ||    67
       Confusing Touch   |     2 |    16 |    21 |    45 |    78 |     8 ||   170
       Ensorcelled Hiber |       |    25 |    22 |    52 |   103 |     7 ||   209
       Tukima's Dance    |       |     6 |     6 |    43 |    37 |       ||    92
       Dazzling Flash    |       |       |       |     6 |    40 |     3 ||    49
       Passage of Golubr |       |       |       |       |     6 |       ||     6
Invok: Shadow Step       |       |       |     1 |     3 |     2 |     2 ||     8
Evoke: Wand              |       |       |     5 |     2 |     9 |     2 ||    18
  Use: Potion            |       |     2 |     6 |       |     4 |     2 ||    14
       Scroll            |       |     3 |     7 |     7 |    12 |       ||    29
 Stab: Sleeping          |    10 |    17 |    27 |    54 |   187 |    36 ||   331
       Confused          |       |     9 |    17 |    44 |    76 |     6 ||   152
       Paralysed         |       |       |     4 |     1 |     2 |     1 ||     8
       Distracted        |       |       |     3 |     1 |    15 |     1 ||    20
       Invisible         |       |       |       |     7 |    42 |     4 ||    53
Armor: Robe              |    15 |    21 |     6 |    10 |    17 |     4 ||    73
Dodge: Dodged            |   167 |   233 |   214 |   256 |   326 |    37 ||  1233
Block: Buckler           |       |       |   103 |   134 |   160 |    17 ||   414

Table legend: (Time is in decaauts)
 A = Elapsed time spent in this place.
 B = Non-inter-level travel time spent in this place.
 C = Inter-level travel time spent in this place.
 D = Time resting spent in this place.
 E = Time spent auto-exploring this place.
 F = Levels seen in this place.
 G = Mean time per level.
                   A        B        C        D        E       F      G
               +--------+--------+--------+--------+--------+-----+--------+
         Total |  26239 |  23909 |   2330 |   8149 |   2793 |  30 |  874.6 |
       Dungeon |  16382 |  15074 |   1308 |   5393 |   2194 |  15 | 1092.1 |
          Lair |   3880 |   3371 |    509 |    868 |     19 |   6 |  646.7 |
         Swamp |   1526 |   1267 |    259 |    358 |      0 |   4 |  381.5 |
  Orcish Mines |   2405 |   2154 |    251 |    653 |     87 |   2 | 1202.5 |
        Depths |     16 |     16 |      0 |      0 |      0 |   1 |   16.0 |
         Sewer |   1972 |   1972 |      0 |    876 |    492 |   1 | 1972.0 |
       Volcano |     54 |     54 |      0 |      0 |      0 |   1 |   54.0 |
               +--------+--------+--------+--------+--------+-----+--------+

Top non-repeatable levels by time:
     D:8: 2434 daAuts
   Sewer: 1972 daAuts
     D:9: 1783 daAuts
     D:2: 1754 daAuts
     D:1: 1709 daAuts
   Orc:2: 1454 daAuts
     D:5: 1120 daAuts
    D:11: 1105 daAuts
     D:6: 1044 daAuts
  Lair:4: 996 daAuts
   Orc:1: 951 daAuts
    D:10: 887 daAuts
     D:7: 806 daAuts
  Lair:6: 804 daAuts
    D:13: 788 daAuts
